 Dungeon Crawl Stone Soup version 0.29.1-1-gd02db6906a (webtiles) character file.

Game seed: 2569488816724569543

357 Sabo the Gusty (level 6, -1/38 HPs)
             Began as an Octopode Air Elementalist on Oct 2, 2022.
             Was a Priest of Elyvilon.
             Slain by an iron imp (7 damage)
             ... summoned by Eustachio
             ... on level 4 of the Dungeon on Oct 3, 2022.
             The game lasted 00:34:40 (6018 turns).

Sabo the Gusty (Octopode Air Elementalist)          Turns: 6018, Time: 00:34:42

Health: -1/38      AC:  1    Str:  7    XL:     6   Next: 64%
Magic:  6/11       EV: 13    Int: 20    God:    Elyvilon [***...]
Gold:   236        SH:  0    Dex: 12    Spells: 11/12 levels left

rFire   . . .      SeeInvis .   k - +0 halberd
rCold   + . .      Faith    .   (shield currently unavailable)
rNeg    + . .      Spirit   .   (helmet restricted)
rPois   .          Reflect  .   (no amulet)
rElec   .          Harm     .   b - ring of protection from cold
rCorr   .          Rampage  .   g - ring of positive energy
Will    .....                   (no ring)
Stlth   +++.......              (no ring)
HPRegen 0.12/turn               (no ring)
MPRegen 0.12/turn               (no ring)
                                (no ring)
                                (no ring)

@: no status effects
A: almost no armour, amphibious, 8 rings, camouflage 1, gelatinous body 1,
(nimble swimmer 1), tentacles
a: Renounce Religion, Purification, Heal Other, Heal Self


You were on level 4 of the Dungeon.
You worshipped Elyvilon.
Elyvilon was most pleased with you.
You visited 1 branch of the dungeon, and saw 4 of its levels.

You collected 236 gold pieces.

Inventory:

Hand Weapons
 f - a +0 hand axe
 k - a +0 halberd (weapon)
 p - a +0 sling
Missiles
 i - 10 poisoned darts
 j - a throwing net
 s - 2 atropa-tipped darts
 u - 5 javelins (quivered)
Jewellery
 b - a ring of protection from cold (left tentacle)
 g - a ring of positive energy (right tentacle)
Wands
 o - a wand of roots (13)
 v - a wand of charming (9)
Scrolls
 d - a scroll of vulnerability {unknown}
 h - a scroll of teleportation
 l - a scroll of brand weapon {unknown}
 m - a scroll of torment {unknown}
 n - a scroll of amnesia {unknown}
 r - 2 scrolls of identify {unknown}
 w - a scroll of enchant weapon {unknown}
Potions
 a - a potion of magic
 c - 4 potions of curing
 e - a potion of resistance {unknown}
 q - a potion of experience {unknown}
 t - a potion of haste {unknown}


   Skills:
 + Level 1.0 Fighting
 + Level 0.2(0.9) Axes
 + Level 1.3 Polearms
 + Level 3.0 Dodging
 + Level 3.6 Stealth
 + Level 3.9 Spellcasting
 + Level 2.4 Conjurations
 + Level 4.1 Air Magic


You had 11 spell levels left.
You knew the following spells:

 Your Spells              Type           Power      Damage    Failure   Level
a - Shock                 Conj/Air       68%        1d7       3%          1

Your spell library contained the following spells:

 Spells                   Type           Power      Damage    Failure   Level
 Static Discharge         Conj/Air       17%        3-6/arc   4%          2
 Swiftness                Air            20%        N/A       7%          3
 Mephitic Cloud           Conj/Pois/Air  12%        N/A       16%         3
 Sublimation of Blood     Necr           3%         N/A       21%         2
 Wereblood                Tmut           3%         N/A       21%         2
 Airstrike                Air            10%        2d(2-18)  24%         4
 Ignite Poison            Fire/Tmut/Pois 3%         N/A       36%         3
 Freezing Cloud           Conj/Ice/Air   6%         6-21      82%         5
 Summon Hydra             Summ           1%         N/A       100%        7


Dungeon Overview and Level Annotations

Branches:
Dungeon (4/15)
 Temple: D:4-7

Altars:
Elyvilon
Zin

Shops:
D:4 *

Annotations:
D:4 Eustachio


Innate Abilities, Weirdness & Mutations

You cannot wear most types of armour.
You are amphibious.
You can wear up to eight rings at the same time.
Your skin changes colour to match your surroundings (Stealth+).
Your rubbery body absorbs attacks. (AC +1, EV +1)
((You are camouflaged when in or above water. (Stealth+)))
You have tentacles for arms and can constrict up to eight enemies at once.


Message History

Eustachio is heavily wounded.
You constrict Eustachio. The bat barely misses you. The bat closely misses you.
Eustachio hits you with a +0 rapier of freezing.
The iron imp hits you.
Eustachio hits you with a +0 rapier of freezing.
Your magical contamination has completely faded away.
You puncture Eustachio!
Eustachio is severely wounded.
You constrict Eustachio. The river rat closely misses you.
Eustachio hits you with a +0 rapier of freezing.
* * * LOW HITPOINT WARNING * * *
The iron imp completely misses you.
The iron imp shouts, "Take thy face hence, thou fobbing ill-breeding nert!"
The iron imp closely misses you. The river rat misses you.
You barely miss Eustachio.
Eustachio is almost dead.
You constrict Eustachio.
Eustachio casts a spell.
Eustachio blinks free!
The iron imp barely misses you. The iron imp misses you.
The river rat barely misses you.
Casting: Shock (safe; 3% risk of failure)
Confirm with . or Enter, or press ? or * to list all spells.
Aiming: Shock (safe; 3% risk of failure)
Press: ? - help, Shift-Dir - straight line, f/p - Eustachio
Aim: Eustachio, wielding a +0 rapier of freezing and wearing a +0 leather armour (almost dead, 60% to hit)
The zap misses the river rat.
The zap misses Eustachio.
The bat misses you. The river rat bites you.
* * * LOW HITPOINT WARNING * * *
The iron imp hits you. Elyvilon protects you from harm!
The iron imp completely misses you.
Casting: Shock (safe; 3% risk of failure)
Confirm with . or Enter, or press ? or * to list all spells.
Aiming: Shock (safe; 3% risk of failure)
Press: ? - help, Shift-Dir - straight line, f/p - Eustachio
Aim: Eustachio, wielding a +0 rapier of freezing and wearing a +0 leather armour (almost dead, 60% to hit)
The zap misses the river rat.
The zap misses Eustachio.
The bat closely misses you. The river rat closely misses you.
The iron imp closely misses you. The iron imp hits you!
You die...

.......# #.##.#
.......# #.##.#
.....(.#
#############.##.#
######.#
#................. #.#
#.......#####.#### #.#
#.......# #.#... #.#
#.......# #.....
###.###### #5#######
###.## #........# #@#
#.##
#............5r...#
#.##
#...........b.....#
#.##
#.................#
#.##
######.####........@.#
#.##
.....................#
#.#
######.########....).#
#.# ..........##
#......# #.##
..###.###..# #...


You could see Eustachio, 2 iron imps, a river rat (summoned) and a bat
(summoned).

Vanquished Creatures
  An orc priest (D:4)
  2 hounds (D:4)
  An iguana (D:4)
  Jessica (D:3)
  An orc wizard (D:4)
  Robin (D:3)
  4 gnolls (D:2)
  3 adders
  2 worms
  A dart slug (D:3)
  3 orcs
  5 endoplasms
  7 giant cockroaches
  12 goblins
  8 hobgoblins
  9 jackals
  6 quokkas
  10 ball pythons
  7 bats
  4 frilled lizards
  6 kobolds
  7 rats
101 creatures vanquished.

Notes
Turn   | Place    | Note
-------+----------+-------------------------------------------
     0 | D:1      | Sabo the Octopode Air Elementalist began the quest for the
                  | Orb.
     0 | D:1      | Reached XP level 1. HP: 11/11 MP: 3/3
   326 | D:1      | Reached XP level 2. HP: 17/17 MP: 1/5
   940 | D:1      | Found a faded altar of an unknown god.
   953 | D:1      | Prayed at the altar of an unknown god.
   953 | D:1      | Became a worshipper of Elyvilon the Healer
   953 | D:1      | Reached * piety under Elyvilon
  1139 | D:1      | Reached XP level 3. HP: 21/21 MP: 1/6
  2005 | D:2      | Reached XP level 4. HP: 27/27 MP: 0/8
  2335 | D:2      | Reached ** piety under Elyvilon
  3625 | D:3      | Reached XP level 5. HP: 31/31 MP: 4/9
  4080 | D:3      | Noticed Robin
  4093 | D:3      | Killed Robin
  4250 | D:3      | Reached *** piety under Elyvilon
  4471 | D:3      | Noticed Jessica
  4478 | D:3      | Killed Jessica
  4684 | D:4      | Reached skill level 1 in Polearms
  4684 | D:4      | Reached skill level 4 in Air Magic
  4684 | D:4      | Reached XP level 6. HP: 20/37 MP: 9/11
  5013 | D:4      | Found a glowing silver altar of Zin.
  5015 | D:4      | Found Zin's Purification Station.
  5245 | D:4      | Noticed Eustachio
  5396 | D:4      | Reached skill level 1 in Fighting
  6017 | D:4      | Elyvilon protects you from harm!
  6018 | D:4      | Slain by an iron imp

Illustrated notes

Levels and vault maps discovered:
D:1:      heliophobic_arrival_dark_side_of_the_moon, layout_basic,
          hellmonk_ecumenical_altar_run_dry, chequers_big_river,
          minmay_misc_feat_room, minmay_tripent
D:2:      layout_basic
D:3:      layout_rooms, uniq_robin, uniq_jessica
D:4:      layout_basic, zin_purify, minmay_misc_feat_enclosed, uniq_eustachio

Skill      XL: |  1  2  3  4  5  6 |
---------------+-------------------+-----
Stealth        | 3 |  3.6
Spellcasting   | 3 |  3.9
Conjurations   | 2 |  2.4
Polearms       | 1 |  1.3
Air Magic      | 4 |  4.1
Fighting       | 1 |  1.0
Dodging        | 3 |  3.0
Axes           | |  0.2

Action                   |  1- 3 |  4- 6 || total
-------------------------+-------+-------++-------
Melee: Hand axe          |    26 |     2 ||    28
       Tentacles         |     7 |     7 ||    14
       Constrict         |     6 |    11 ||    17
       Halberd           |       |    63 ||    63
       Punch             |       |     1 ||     1
 Cast: Shock             |    46 |   119 ||   165
  Use: Scroll            |     1 |       ||     1
       Potion            |       |     1 ||     1
Armor: Skin              |     6 |     5 ||    11
Dodge: Dodged            |    17 |    77 ||    94
